AoeStats
← Bandolero

Lombardia

510008995Analyzed
4v4 RM · 2d ago on Sep 29, 2026· 57m 56s· 8 players
Game mode
Random Map
Map size
Large (8 player)
Population
200
Speed
Normal
Resources
Standard
Victory
Conquest
Starting age
Dark Age
Ending age
Imperial Age
RankedLock teamsTeams togetherTeam positionsShared explorationLock speedFull tech treeHidden civsTurbo modeCheats
Victory
Defeat
🇺🇸 Ethiopians · United States
1790
+13
🇨🇳 Magyars · China
1757
+14
🇭🇰 Spanish · Hong Kong SAR China
1717
+15
🇦🇷 Persians · Argentina
1615
+20
🇨🇱 Persians · Chile
1879
-21
1837
-21
🇨🇱 Vietnamese · Chile
1648
-13
1462
-7
FYI Inc
5:03 Loom
9:19 Feudal Age
10:27 Double-Bit Axe
10:24 Man-at-Arms
12:20 Horse Collar
16:06 Fletching
22:11 Castle Age
20:49 Gold Mining
22:14 Crossbowman
22:49 Bodkin Arrow
22:18 Crossbowman
23:10 Bow Saw
23:24 Town Watch
23:44 Padded Archer Armor
25:22 Wheelbarrow
27:38 Ballistics
28:01 Hand Cart
29:41 Thumb Ring
35:16 Imperial Age
33:26 Leather Archer Armor
33:42 Caravan
35:01 Heavy Plow
35:43 Gold Shaft Mining
35:22 Arbalester
36:02 Bracer
37:03 Scale Mail Armor
37:14 Forging
37:34 Ring Archer Armor
37:06 Squires
38:08 Chemistry
38:35 Chain Mail Armor
39:24 Illumination
39:39 Theocracy
39:40 Sanctity
39:31 Fervor
41:58 Two-Man Saw
43:37 Plate Mail Armor
43:42 Iron Casting
44:10 Coinage
44:07 Conscription
43:57 Halberdier
45:02 Masonry
45:56 Banking
45:40 Guilds
47:13 Blast Furnace
49:18 Arson
49:49 Stone Mining
54:06 Siege Engineers
Bandolero
6:21 Loom
8:58 Feudal Age
9:34 Double-Bit Axe
16:18 Scale Barding Armor
16:25 Forging
17:07 Scale Barding Armor
21:29 Castle Age
19:49 Gold Mining
20:59 Bloodlines
20:48 Horse Collar
22:15 Bow Saw
22:38 Chain Barding Armor
22:21 Husbandry
28:01 Wheelbarrow
28:25 Iron Casting
28:07 Town Watch
29:21 Stone Mining
35:41 Imperial Age
33:28 Hand Cart
34:34 Stone Shaft Mining
34:41 Gold Shaft Mining
35:24 Cavalier
36:57 Plate Barding Armor
37:23 Blast Furnace
37:10 Conscription
37:32 Savar
39:25 Caravan
47:24 Heavy Plow
49:17 Elite War Elephant
50:56 Citadels
小白
6:16 Loom
9:01 Feudal Age
9:39 Double-Bit Axe
13:35 Horse Collar
15:25 Wheelbarrow
20:19 Castle Age
18:59 Scale Barding Armor
19:17 Gold Mining
19:31 Stone Mining
20:22 Bloodlines
21:15 Bow Saw
22:37 Heavy Plow
26:06 Husbandry
28:57 Corvinian Army
29:48 Gold Shaft Mining
31:11 Chain Barding Armor
35:05 Imperial Age
33:10 Hand Cart
33:54 Gold Shaft Mining
36:27 Plate Barding Armor
35:24 Elite Magyar Huszar
36:46 Conscription
37:32 Two-Man Saw
37:36 Crop Rotation
38:08 Fletching
39:45 Hoardings
39:33 Ballistics
39:24 Caravan
40:35 Coinage
40:26 Bodkin Arrow
42:08 Banking
42:32 Bracer
43:00 Recurve Bow
43:47 Padded Archer Armor
43:53 Thumb Ring
45:07 Chemistry
43:57 Heavy Cavalry Archer
45:02 Masonry
45:08 Murder Holes
46:09 Parthian Tactics
46:38 Leather Archer Armor
48:04 Ring Archer Armor
48:25 Treadmill Crane
48:50 Siege Engineers
55:34 Town Watch
Hui
6:07 Loom
8:47 Feudal Age
9:26 Double-Bit Axe
9:22 Horse Collar
20:57 Castle Age
19:36 Gold Mining
19:37 Stone Mining
20:58 Wheelbarrow
23:13 Heavy Plow
25:34 Town Watch
28:47 Padded Archer Armor
33:40 Imperial Age
31:42 Bow Saw
32:08 Stone Shaft Mining
32:03 Leather Archer Armor
31:39 Fletching
32:38 Hand Cart
33:13 Bloodlines
33:04 Husbandry
33:56 Capped Ram
35:10 Ring Archer Armor
34:35 Bodkin Arrow
35:05 Elite Conquistador
36:09 Murder Holes
37:54 Masonry
38:45 Chemistry
38:53 Caravan
40:29 Conscription
41:24 Architecture
41:14 Ballistics
41:58 Block Printing
42:15 Illumination
42:29 Theocracy
43:11 Sanctity
45:19 Fervor
45:59 Coinage
45:40 Guilds
46:31 Two-Man Saw
45:33 Town Patrol
46:14 Conscription
49:04 Herbal Medicine
49:36 Heresy
49:29 Redemption
50:18 Fortified Wall
50:30 Bombard Tower
49:56 Arrowslits
50:01 Guard Tower
50:22 Forging
50:13 Bracer
50:14 Scale Mail Armor
51:09 Hoardings
50:56 Supremacy
50:38 Inquisition
51:32 Supremacy
51:13 Inquisition
52:18 Iron Casting
51:48 Scale Barding Armor
51:05 Pikeman
51:46 Squires
51:31 Gambesons
51:32 Arson
51:08 Light Cavalry
51:09 Cavalier
53:13 Banking
55:23 Hoardings
54:19 Sappers
55:50 Blast Furnace
55:05 Chain Mail Armor
55:11 Chain Barding Armor
54:12 Paladin
54:13 Hussar
55:39 Siege Ram
57:23 Keep
59:01 Plate Mail Armor
59:07 Plate Barding Armor
[CL] FelipeBesitosRicos
9:05 Loom
11:46 Feudal Age
12:17 Horse Collar
12:22 Double-Bit Axe
15:41 Fletching
16:28 Wheelbarrow
23:28 Gold Mining
28:30 Castle Age
26:52 Stone Mining
29:35 Heavy Plow
29:52 Bodkin Arrow
29:18 Crossbowman
30:21 Bow Saw
38:22 Hand Cart
37:53 Town Watch
39:20 Ballistics
43:11 Imperial Age
42:08 Thumb Ring
45:09 Imperial Age
43:19 Squires
43:04 Arson
43:05 Gambesons
43:21 Scale Mail Armor
43:31 Forging
45:24 Caravan
47:54 Chain Mail Armor
48:54 Fortified Wall
49:33 Cranequins
54:02 Bracer
54:32 Plate Mail Armor
56:06 Iron Casting
55:31 Padded Archer Armor
55:28 Elite Varangian Guard
55:52 Shield Wall
56:57 Conscription
[CL] The Fabulous Merasmus
6:52 Loom
9:22 Feudal Age
10:05 Double-Bit Axe
10:01 Horse Collar
18:24 Gold Mining
20:55 Wheelbarrow
21:02 Scale Barding Armor
22:16 Stone Mining
25:09 Castle Age
23:30 Forging
25:26 Bloodlines
26:08 Bow Saw
25:59 Heavy Plow
26:22 Chain Barding Armor
25:26 Light Cavalry
26:07 Husbandry
27:22 Iron Casting
27:55 Hand Cart
37:54 Town Watch
43:44 Imperial Age
42:29 Caravan
42:59 Coinage
43:50 Heavy Hei Guang Cavalry
46:25 Blast Furnace
46:07 Gold Shaft Mining
46:21 Hussar
49:01 Town Patrol
57:21 Fletching
57:31 Padded Archer Armor
[CL] castiii
10:54 Feudal Age
12:14 Loom
14:46 Castle Age
13:55 Double-Bit Axe
13:50 Horse Collar
15:20 Scale Barding Armor
23:21 Wheelbarrow
24:15 Hand Cart
25:13 Bow Saw
25:50 Town Watch
26:38 Heavy Plow
26:30 Stone Mining
26:30 Gold Mining
32:48 Imperial Age
30:43 Chain Barding Armor
31:36 Forging
31:38 Bloodlines
31:29 Husbandry
33:13 Gold Shaft Mining
33:13 Stone Shaft Mining
33:42 Plate Barding Armor
33:42 Iron Casting
35:30 Conscription
34:37 Elite War Elephant
35:38 Masonry
36:43 Blast Furnace
39:34 Crop Rotation
44:15 Devotion
46:47 Caravan
[CL]LaCumbiaSuave
4:43 Loom
11:38 Feudal Age
12:45 Double-Bit Axe
12:42 Horse Collar
17:04 Castle Age
18:08 Bow Saw
24:28 Wheelbarrow
25:16 Heavy Plow
26:30 Hand Cart
26:39 Gold Mining
30:14 Imperial Age
27:43 Stone Mining
28:18 Fletching
28:28 Padded Archer Armor
29:06 Coinage
28:39 Caravan
29:09 Bodkin Arrow
30:02 Stone Shaft Mining
30:59 Ballistics
31:18 Bracer
32:46 Two-Man Saw
31:46 Town Watch
32:25 Elite Rattan Archer
33:46 Fortified Wall
34:37 Chemistry
34:23 Leather Archer Armor
35:53 Ring Archer Armor
35:30 Siege Engineers
36:47 Paper Money
37:04 Hoardings
36:29 Chatras
37:35 Scale Barding Armor
37:41 Forging
38:04 Crop Rotation
39:32 Coinage
38:44 Light Cavalry
39:35 Bloodlines
39:25 Husbandry
41:36 Banking
41:28 Chain Barding Armor
41:44 Iron Casting
44:26 Plate Barding Armor
43:14 Elite Battle Elephant
45:22 Capped Ram
50:10 Thumb Ring
Connection lost

Rejoining the realm…

Still unreachable

The connection could not be restored.

Session expired

The server has moved on; the page needs a fresh start.